 Dungeon Crawl Stone Soup version 0.28-a0-94-g325244837d (webtiles) character file.

Game seed: 11283025577226533644

119 pokeman the Magician (level 4, -13/25 HPs)
             Began as a Deep Elf Hedge Wizard on Aug 7, 2021.
             Mangled by Crazy Yiuf (14 damage)
             ... on level 2 of the Dungeon.
             The game lasted 00:05:17 (2606 turns).

pokeman the Magician (Deep Elf Hedge Wizard)        Turns: 2606, Time: 00:05:18

Health: -13/25     AC:  2    Str:  7    XL:     4   Next: 73%
Magic:  0/13       EV: 12    Int: 20    God:
Gold:   47         SH:  0    Dex: 14    Spells: 3/14 levels left

rFire   . . .      SeeInvis .   a - +0 dagger
rCold   . . .      Faith    .   (no shield)
rNeg    . . .      Spirit   .   b - +0 robe
rPois   .          Reflect  .   c - +0 hat
rElec   .          Harm     .   (no cloak)
rCorr   .          Rampage  .   (no gloves)
Will    .....                   (no boots)
Stlth   ++........              (no amulet)
HPRegen 0.08/turn               (no ring)
MPRegen 0.13/turn               (no ring)

@: no status effects
A: no striking features
a: no special abilities


You were on level 2 of the Dungeon.
You visited 1 branch of the dungeon, and saw 2 of its levels.

You collected 47 gold pieces.

Inventory:

Hand Weapons
 a - a +0 dagger (weapon)
Missiles
 f - 34 bolts
Armour
 b - a +0 robe (worn)
 c - a +0 hat (worn)
Scrolls
 g - a scroll of identify {unknown}
Potions
 d - a potion of mutation {unknown}
 e - a potion of curing {unknown}


   Skills:
 - Level 1.0 Fighting
 - Level 1.0 Armour
 + Level 2.8 Dodging
 - Level 2.4 Stealth
 * Level 5.8 Spellcasting
 + Level 2.3 Conjurations
 - Level 1.1 Summonings
 - Level 1.1 Translocations
 - Level 1.0 Fire Magic
 + Level 0.1 Air Magic


You had 3 spell levels left.
You knew the following spells:

 Your Spells              Type           Power      Damage    Failure   Level
a - Magic Dart            Conj           60%        1d6       4%          1
b - Mephitic Cloud        Conj/Pois/Air  9%         N/A       22%         3
c - Call Imp              Summ           10%        N/A       11%         2
d - Blink                 Tloc           N/A        N/A       11%         2
e - Conjure Flame         Conj/Fire      12%        6-21      16%         3

Your spell library contained the following spells:

 Spells                   Type           Power      Damage    Failure   Level
 Static Discharge         Conj/Air       10%        N/A       10%         2
 Slow                     Hex            5%         N/A       16%         2
 Sticky Flame             Conj/Fire      12%        2d4       47%         4
 Dispel Undead            Necr           5%         3d7       71%         4


Dungeon Overview and Level Annotations

Branches:
Dungeon (2/15)

Altars:
Sif Muna

Annotations:
D:2 Crazy Yiuf, Robin


Message History

You don't have enough magic to cast this spell.
Casting: Call Imp (safe; 11% risk of failure)
Confirm with . or Enter, or press ? or * to list all spells.
A beastly little devil appears in a puff of flame.
Crazy Yiuf laughs, "Ten sanguine King!"
Your crimson imp blinks!
Your crimson imp barely misses Crazy Yiuf.
Crazy Yiuf cries, "Mama wrapper sing!"
A hobgoblin comes into view.
The hobgoblin shouts!
Crazy Yiuf screams, "Lay verde wrapper!"
The hobgoblin barely misses you.
Crazy Yiuf twirls on the spot.
You hit the hobgoblin but do no damage.
Your crimson imp blinks!
The hobgoblin hits you.
Robin shouts!
You hit the hobgoblin but do no damage. The hobgoblin barely misses you.
Robin roars a battlecry!
The hobgoblin goes into a battle-frenzy!
Crazy Yiuf screams, "Cod mumblescurry stair!"
Crazy Yiuf hits you with a +2 quarterstaff of chaos.
You hit the hobgoblin.
The hobgoblin is lightly wounded.
The hobgoblin hits you.
Robin's horned helmet rattles.
Crazy Yiuf hits you with a +2 quarterstaff of chaos!
* * * LOW HITPOINT WARNING * * *
You feel your power leaking away.
Unknown command.
Unknown command.
Unknown command.
Unknown command.
You closely miss Crazy Yiuf.
Crazy Yiuf is severely wounded.
The hobgoblin hits you.
* * * LOW HITPOINT WARNING * * *
Crazy Yiuf hits you with a +2 quarterstaff of chaos!
Ouch! That really hurt!
You die...

#.# #.# ###
#.# #.# #.#
#. ### #.#
#.# #.# ...
#.# #.# #.#
... ..# #.#
#.###########
#.# ### #.#
#...........#
#g# #.#
###########.#
#.# #.# #.#
#g# #.# #@#
#># #g# #.#
#.# #.# #5#
#.# #.#
#####.###.#
#.........#
#.###.##..#
#.##..#


You could see Crazy Yiuf (ally target), Robin, a hobgoblin (strong) and a
friendly crimson imp (summoned).

Vanquished Creatures
  Jessica (D:2)
  4 gnolls (D:2)
  2 adders (D:2)
  A dart slug (D:1)
  3 ball pythons (D:2)
  5 bats
  2 endoplasms (D:1)
  A giant cockroach (D:2)
  7 goblins
  4 hobgoblins (D:2)
  8 kobolds
38 creatures vanquished.

Vanquished Creatures (others)
  2 fungi (D:2)
2 creatures vanquished.

Grand Total: 40 creatures vanquished

Notes
Turn   | Place    | Note
-------+----------+-------------------------------------------
     0 | D:1      | pokeman the Deep Elf Hedge Wizard began the quest for the
                  | Orb.
     0 | D:1      | Reached XP level 1. HP: 10/10 MP: 7/7
    13 | D:1      | Found a faded altar of an unknown god.
   372 | D:1      | Reached XP level 2. HP: 16/16 MP: 7/9
  1402 | D:2      | Reached skill level 5 in Spellcasting
  1447 | D:2      | Reached XP level 3. HP: 20/20 MP: 8/11
  1451 | D:2      | Learned a level 3 spell: Mephitic Cloud
  1454 | D:2      | Learned a level 2 spell: Call Imp
  1457 | D:2      | Learned a level 2 spell: Blink
  1461 | D:2      | Learned a level 3 spell: Conjure Flame
  1496 | D:2      | Noticed Jessica
  1511 | D:2      | Killed Jessica
  1512 | D:2      | Reached skill level 1 in Fighting
  1512 | D:2      | Reached skill level 1 in Armour
  1765 | D:2      | Found a shimmering blue altar of Sif Muna.
  1976 | D:2      | Reached XP level 4. HP: 25/25 MP: 4/13
  2261 | D:2      | Reached skill level 1 in Fire Magic
  2338 | D:2      | Noticed Robin
  2554 | D:2      | Found a runed translucent door.
  2555 | D:2      | Noticed Crazy Yiuf
  2606 | D:2      | HP: 1/25 [hobgoblin[Robin] (4)]
  2606 | D:2      | Mangled by Crazy Yiuf

Illustrated notes

Levels and vault maps discovered:
D:1:      moated_graveyard_arrival, layout_basic, basic_ecumenical_altar,
          corexii_leaking_fountain
D:2:      layout_loops_ring, basic_altar, uniq_robin, uniq_jessica,
          uniq_crazy_yiuf_cottage

Skill      XL: |  1  2  3  4 |
---------------+-------------+-----
Spellcasting   | 5 |  5.8
Fighting       | 1 |  1.0
Armour         | 1 |  1.0
Conjurations   | 2 |  2.3
Fire Magic     | 1 |  1.0
Dodging        | |  2.8
Stealth        | |  2.4
Summonings     | |  1.1
Translocations | |  1.1
Air Magic      | |  0.1

Action                   |  1- 3 |  4- 6 || total
-------------------------+-------+-------++-------
Melee: Dagger            |       |    13 ||    13
 Cast: Magic Dart        |    74 |    29 ||   103
       Mephitic Cloud    |       |     4 ||     4
       Call Imp          |       |     4 ||     4
       Conjure Flame     |       |     2 ||     2
 Stab: Confused          |       |     1 ||     1
Armor: Robe              |     3 |     1 ||     4
Dodge: Dodged            |     9 |     8 ||    17

Table legend: (Time is in decaauts)
 A = Elapsed time spent in this place.
 B = Non-inter-level travel time spent in this place.
 C = Inter-level travel time spent in this place.
 D = Time resting spent in this place.
 E = Time spent auto-exploring this place.
 F = Levels seen in this place.
 G = Mean time per level.
                   A        B        C        D        E       F      G
               +--------+--------+--------+--------+--------+-----+--------+
         Total |   2605 |   2569 |     36 |    155 |   2132 |   2 | 1302.5 |
       Dungeon |   2605 |   2569 |     36 |    155 |   2132 |   2 | 1302.5 |
               +--------+--------+--------+--------+--------+-----+--------+

Top non-repeatable levels by time:
     D:1: 1397 daAuts
     D:2: 1208 daAuts
